 Dungeon Crawl Stone Soup version 0.27-a0-12-g5dcdf963e0 (webtiles) character file.

Game seed: 12010868833804183424

28 Conn the Firebug (level 3, -2/21 HPs)
             Began as an Octopode Fire Elementalist on Jan 2, 2021.
             Slain by Crazy Yiuf
             ... wielding a +3 quarterstaff of chaos
              (6 damage)
             ... on level 2 of the Dungeon.
             The game lasted 00:03:08 (1854 turns).

Conn the Firebug (Octopode Fire Elementalist)       Turns: 1854, Time: 00:03:08

Health: -2/21      AC:  1    Str:  7    XL:     3   Next: 12%
Magic:  3/6        EV: 13    Int: 18    God:
Gold:   9          SH:  0    Dex: 12    Spells: 3/7 levels left

rFire    . . .     SeeInvis .   f - +0 dagger
rCold    . . .     Faith    .   (no shield)
rNeg     . . .     Spirit   .   (helmet restricted)
rPois    .         Reflect  .   (no amulet)
rElec    .         Harm     .   (no ring)
rCorr    .         Rampage  .   (no ring)
Will     .....                  (no ring)
Stlth    +++.......             (no ring)
HPRegen  0.07/turn              (no ring)
MPRegen  0.10/turn              (no ring)
                                (no ring)
                                (no ring)

@: attractive, very slightly contaminated
A: almost no armour, stealthy swim, amphibious, 8 rings, constrict 8, camouflage
1, gelatinous body 1
a: no special abilities


You were on level 2 of the Dungeon.
You visited 1 branch of the dungeon, and saw 2 of its levels.

You collected 9 gold pieces.

Inventory:

Hand Weapons
 f - a +0 dagger (weapon)
Missiles
 h - 9 poisoned darts (quivered)
Scrolls
 b - 2 scrolls of identify {unknown}
 c - a scroll of teleportation {unknown}
 d - a scroll of magic mapping {unknown}
 e - a scroll of fear {unknown}
Potions
 a - a potion of attraction
 g - a potion of flight {unknown}
 i - a potion of magic {unknown}
 j - a potion of heal wounds {unknown}
 k - a potion of might {unknown}


   Skills:
 + Level 2.0 Dodging
 + Level 2.8 Stealth
 + Level 2.5 Spellcasting
 + Level 1.3 Conjurations
 + Level 3.5 Fire Magic


You had 3 spell levels left.
You knew the following spells:

 Your Spells              Type           Power        Failure   Level
a - Foxfire               Conj/Fire      44%          6%          1
b - Conjure Flame         Conj/Fire      11%          19%         3

Your spell library contained the following spells:

 Spells                   Type           Power        Failure   Level
 Inner Flame              Hex/Fire       8%           26%         3
 Sticky Flame             Conj/Fire      11%          54%         4
 Fireball                 Conj/Fire      5%           87%         5


Dungeon Overview and Level Annotations

Branches:
Dungeon (2/15)

Altars:

Annotations:
D:2 Crazy Yiuf


Innate Abilities, Weirdness & Mutations

You cannot wear most types of armour.
You are very stealthy in the water. (Stealth+)
You are amphibious.
You can wear up to eight rings at the same time.
You can use your tentacles to constrict eight enemies at once.
Your skin changes colour to match your surroundings (Stealth+).
Your rubbery body absorbs attacks. (AC +1, EV +1)


Message History

Press: ? - help, Q - select action, (/) - cycle Shift-Dir - straight line, f/p - Crazy Yiuf
Aim: Crazy Yiuf, wielding a +3 quarterstaff of chaos, wearing a +0 cloak and carrying a wand of flame (17)
You throw a poisoned dart.
The poisoned dart barely misses Crazy Yiuf.
Crazy Yiuf grits, "Scoff broken Hive!"
Unknown command.
Crazy Yiuf zaps a wand.
The puff of flame hits you!
Ouch! That really hurt!
* * * LOW HITPOINT WARNING * * *
Casting: Foxfire (safe; 6% risk of failure)
Confirm with . or Enter, or press ? or * to list all spells.
The spell is extremely dangerous to cast (19% risk of failure)!
Continue anyway?
You miscast Conjure Flame.
You are very lightly contaminated with residual magic.
Nothing appears to happen.
Crazy Yiuf yells, "Mugger!"
It was a potion of attraction.
You feel attractive to monsters.
Crazy Yiuf hits you with a +3 quarterstaff of chaos.
You die...

.(. #.#.#.######
#'# #.....(.....
♣♣.♣ #.##...(..##
♣g♣♣ #....>.....#
♣♣.♣ ###.).......
♣.♣♣ #).........
♣♣.♣♣ ##.........
♣.PP♣♣ ##.......#
♣.P@.♣ ##.....##
#.g..# ##...##
##..### ##.##
##....# #.#
##.....# #.#
...#....#.# #.#
#...<...# #.#
#######.#########.#
#.........)....#


You could see Crazy Yiuf.

Vanquished Creatures
  A worm (D:2)
  A giant cockroach (D:1)
  6 goblins (D:1)
  2 hobgoblins
  2 kobolds
  3 bats
  4 frilled lizards
  5 rats
24 creatures vanquished.

Vanquished Creatures (others)
  68 foxfires
68 creatures vanquished.

Grand Total: 92 creatures vanquished

Notes
Turn   | Place    | Note
-------+----------+-------------------------------------------
     0 | D:1      | Conn the Octopode Fire Elementalist began the quest for the
                  | Orb.
     0 | D:1      | Reached XP level 1. HP: 11/11 MP: 3/3
   370 | D:1      | Reached XP level 2. HP: 4/17 MP: 1/5
  1661 | D:2      | Reached XP level 3. HP: 21/21 MP: 6/6
  1833 | D:2      | Found a runed translucent door.
  1834 | D:2      | Noticed Crazy Yiuf
  1841 | D:2      | Learned a level 3 spell: Conjure Flame
  1854 | D:2      | Slain by Crazy Yiuf

Illustrated notes

Levels and vault maps discovered:
D:1:      dpeg_arrival_line_fractal, layout_loops_corners
D:2:      layout_loops_ring, grunt_decor_resistance, uniq_crazy_yiuf_cottage

Action                   || total
-------------------------++-------
Melee: Dagger            ||     8
       Constrict         ||     3
       Unarmed           ||     2
       Tentacles         ||     2
Throw: Dart              ||     3
 Cast: Foxfire           ||    38
  Use: Potion            ||     1
Armor: Skin              ||     2
Dodge: Dodged            ||    18

Table legend: (Time is in decaauts)
 A = Elapsed time spent in this place.
 B = Non-inter-level travel time spent in this place.
 C = Inter-level travel time spent in this place.
 D = Time resting spent in this place.
 E = Time spent auto-exploring this place.
 F = Levels seen in this place.
 G = Mean time per level.
                   A        B        C        D        E       F      G
               +--------+--------+--------+--------+--------+-----+--------+
         Total |   1853 |   1816 |     37 |    381 |   1117 |   2 |  926.5 |
       Dungeon |   1853 |   1816 |     37 |    381 |   1117 |   2 |  926.5 |
               +--------+--------+--------+--------+--------+-----+--------+

Top non-repeatable levels by time:
     D:1: 1455 daAuts
     D:2: 397 daAuts
